AoeStats
← AxingQuestions

Highland

506284918Analyzed
4v4 RM · 19d ago on Sep 13, 2026· 22m 20s· 8 players
Game mode
Random Map
Map size
Large (8 player)
Population
200
Speed
Normal
Resources
Standard
Victory
Conquest
Starting age
Dark Age
Ending age
Imperial Age
RankedLock teamsTeams togetherTeam positionsShared explorationLock speedFull tech treeHidden civsTurbo modeCheats
Victory
Defeat
🇨🇳 Magyars · China
1399
+12
🇨🇴 Britons · Colombia
1391
+13
🇵🇪 Turks · Peru
1374
+13
🇺🇸 Byzantines · United States
1303
+16
🇻🇳 Persians · Vietnam
1502
-21
🇨🇴 Mongols · Colombia
1273
-12
🇨🇳 Franks · China
1253
-11
🇺🇸 Dravidians · United States
1229
-10
Jipp_DC5
9:39 Loom
12:31 Feudal Age
16:43 Castle Age
15:04 Fletching
17:42 Medium Warships
17:55 Bodkin Arrow
theblademaster
6:29 Loom
8:55 Feudal Age
9:37 Double-Bit Axe
15:45 Forging
16:17 Horse Collar
17:16 Wheelbarrow
20:54 Castle Age
19:31 Scale Barding Armor
22:15 Bloodlines
[COL] Sagros
9:20 Feudal Age
7:36 Loom
9:26 Feudal Age
10:59 Double-Bit Axe
14:12 Fletching
17:28 Padded Archer Armor
19:02 Town Watch
23:12 Wheelbarrow
24:40 Castle Age
海岛奇兵常凯申
6:18 Loom
9:11 Feudal Age
9:52 Double-Bit Axe
9:51 Horse Collar
15:45 Wheelbarrow
20:13 Castle Age
20:27 Bloodlines
20:58 Husbandry
20:25 Light Cavalry
AxingQuestions
4:09 Loom
10:45 Feudal Age
15:09 Castle Age
16:45 Double-Bit Axe
19:11 Horse Collar
20:14 Bow Saw
22:44 Heavy Plow
Rómulo
8:58 Feudal Age
8:14 Loom
9:13 Man-at-Arms
12:20 Double-Bit Axe
15:37 Horse Collar
22:45 Castle Age
This is Kawaii
6:54 Loom
9:15 Feudal Age
10:16 Double-Bit Axe
14:05 Horse Collar
15:02 Wheelbarrow
20:52 Castle Age
300P 4V4
11:22 Feudal Age
14:18 Loom
17:23 Castle Age
15:47 Double-Bit Axe
18:17 Medium Warships
18:48 Gold Mining
Connection lost

Rejoining the realm…

Still unreachable

The connection could not be restored.

Session expired

The server has moved on; the page needs a fresh start.